Map: Ephemeron LE

Players

NORTHAMERICA - Winner!

  • Race: Protoss Protoss
  • League: Grandmaster
  • Spawn Location: 5:00

llllllllllll

  • Race: Zerg Zerg
  • League: Master
  • Spawn Location: 11:00

VOD

Have the link to the VOD?

Description

Time

  • Played on: Sept. 19, 2019, 12:40 a.m.
  • Length: 11:43
Show
View Real Time Build Order
Export as new Build Order

NORTHAMERICA Protoss - Winner!

Build Orders: 1 Gate Expand, Oracle Opening, Phoenix Opening 

Get SALT Encoding   

  12  0:01  Probe  
  13  0:13  Probe  
  14  0:22  Pylon  
  14  0:25  Probe  
  15  0:40  Gateway, Probe (Chrono Boost)  
  17  0:51  Probe (Chrono Boost), Assimilator  
  17  0:56  Probe (Chrono Boost)  
  18  1:06  Probe  
  19  1:19  Probe  
  20  1:26  Nexus  
  20  1:36  Cybernetics Core  
  20  1:39  Probe  
  21  1:47  Assimilator  
  21  1:51  Probe  
  22  1:55  Pylon  
  22  2:03  Probe  
  23  2:11  Adept (Chrono Boost)  
  25  2:16  Probe  
  26  2:24  Stargate  
  26  2:28  Probe  
  27  2:31  Stalker (Chrono Boost)  
  29  2:38  Probe  
  29  2:40  Warp Gate, Probe  
  31  2:50  Probe  
  32  2:52  Probe  
  33  3:02  Probe  
  33  3:04  Probe  
  35  3:08  Phoenix (Chrono Boost)  
  37  3:14  Probe  
  37  3:16  Probe  
  37  3:19  Gateway  
  39  3:25  Pylon  
  39  3:26  Oracle (Chrono Boost), Probe  
  40  3:28  Probe  
  44  3:38  Probe  
  44  3:39  Assimilator  
  44  3:40  Probe, Assimilator  
  46  3:50  Probe  
  46  3:51  Pylon  
  46  3:52  Probe  
  46  3:54  Oracle (Chrono Boost)  
  51  4:02  Probe  
  51  4:04  Probe  
  53  4:14  Pylon  
  53  4:15  Probe  
  53  4:17  Probe  
  55  4:21  Oracle (Chrono Boost)  
  55  4:23  Pylon  
  58  4:27  Probe  
  58  4:29  Probe  
  58  4:30  Adept  
  62  4:33  Adept  
  64  4:39  Probe  
  64  4:41  Probe  
  66  4:49  Nexus  
  66  4:51  Probe  
  67  4:52  Pylon  
  67  4:55  Probe  
  67  4:57  Pylon  
  68  5:01  Adept  
  68  5:02  Adept  
  68  5:05  Robotics Facility  
  68  5:06  Probe  
  73  5:10  Probe  
  74  5:19  Probe  
  75  5:22  Probe  
  76  5:31  Probe  
  76  5:34  Probe  
  76  5:35  Forge  
  76  5:36  Twilight Council  
  76  5:38  Gateway  
  76  5:40  Sentry x2  
  80  5:43  Probe  
  80  5:46  Probe  
  80  5:54  Immortal (Chrono Boost)  
  80  5:55  Probe  
  77  5:58  Probe  
  77  5:59  Protoss Ground Weapons Level 1  
  82  6:05  Gateway x2, Zealot  
  82  6:07  Probe  
  82  6:09  Pylon  
  82  6:10  Probe  
  82  6:11  Shield Battery  
  86  6:17  Probe, Charge (Chrono Boost)  
  87  6:19  Probe  
  88  6:26  Observer (Chrono Boost)  
  88  6:27  Templar Archives  
  88  6:28  Gateway  
  89  6:34  Probe  
  89  6:35  Pylon, Probe  
  89  6:36  Assimilator  
  91  6:40  Assimilator  
  91  6:44  Probe  
  91  6:46  Observer (Chrono Boost)  
  93  6:48  Pylon  
  93  6:50  Probe  
  94  6:56  Gateway  
  94  6:59  Gateway  
  94  7:00  Photon Cannon  
  94  7:01  Psionic Storm, Zealot  
  94  7:02  Pylon, Zealot x2  
  94  7:03  Probe  
  94  7:08  Pylon  
  101  7:10  Immortal (Chrono Boost)  
  105  7:29  High Templar  
  107  7:30  Photon Cannon, High Templar x3  
  107  7:31  Shield Battery  
  107  7:33  Zealot  
  107  7:34  Probe  
  116  7:42  Pylon  
  116  7:43  Gateway  
  116  7:45  Gateway  
  116  7:48  Pylon  
  116  7:53  Zealot x2  
  116  7:57  Pylon  
  118  7:59  Pylon  
  118  8:00  Probe  
  118  8:02  Robotics Facility  
  118  8:03  Zealot x2  
  123  8:06  Pylon  
  123  8:07  Warp Prism (Chrono Boost)  
  123  8:09  High Templar x2  
  123  8:10  Pylon  
  129  8:16  Archon  
  129  8:18  Probe  
  130  8:24  Probe  
  130  8:26  Protoss Ground Weapons Level 2 (Chrono Boost)  
  129  8:32  Fleet Beacon  
  127  8:37  Zealot x5  
  137  8:51  Zealot x3  
  137  8:52  Zealot  
  141  8:57  Nexus  
  141  8:59  High Templar  
  141  9:00  Pylon  
  143  9:03  Zealot x3  
  143  9:04  Zealot x2  
  153  9:19  Mothership (Chrono Boost)  
  153  9:21  Photon Cannon  
  153  9:23  Photon Cannon  
  153  9:25  Photon Cannon  
  153  9:26  Shield Battery  
  149  9:38  Carrier (Chrono Boost)  
  149  9:43  Stargate  
  153  9:53  Zealot x3  
  153  9:54  Zealot  
  132  10:20  Probe  
  131  10:23  Archon  
  120  10:30  High Templar x2  
  120  10:31  High Templar  
  120  10:32  Zealot x4, Carrier (Chrono Boost)  
  120  10:33  Zealot x3  
  128  10:41  Shield Battery  
  120  10:45  Shield Battery  
  120  10:49  Pylon  
  120  10:53  Observer, Assimilator  
  121  10:57  Assimilator  
  127  11:11  Zealot x3  
  120  11:20  Zealot x3  
  120  11:21  Zealot x4  
  140  11:37  Zealot x2  
Show
View Real Time Build Order
Export as new Build Order

llllllllllll Zerg 

Build Orders: Hatch First, Swarm Host 

Get SALT Encoding   

  12  0:01  Drone  
  13  0:08  Drone  
  14  0:16  Overlord  
  14  0:34  Drone x2  
  14  0:35  Drone  
  17  0:54  Hatchery  
  16  0:57  Drone  
  16  0:59  Drone  
  18  1:08  Drone  
  19  1:12  Extractor  
  18  1:18  Spawning Pool  
  18  1:20  Drone  
  18  1:28  Drone  
  19  1:40  Overlord  
  19  1:50  Drone  
  20  2:05  Drone, Queen  
  20  2:07  Queen  
  20  2:08  Zergling x2  
  26  2:14  Drone  
  26  2:15  Metabolic Boost  
  27  2:19  Drone  
  28  2:39  Zergling x4  
  28  2:42  Hatchery  
  29  2:48  Queen  
  31  2:51  Zergling x2  
  32  2:59  Drone x3  
  35  3:07  Drone  
  35  3:10  Overlord  
  36  3:33  Drone x6  
  42  3:38  Spore Crawler  
  42  3:40  Evolution Chamber  
  40  3:44  Overlord x2  
  40  3:53  Overlord x2, Queen  
  42  4:05  Zerg Melee Weapons Level 1  
  42  4:10  Drone  
  42  4:11  Drone x7  
  50  4:24  Overlord  
  50  4:25  Spore Crawler, Drone x2  
  50  4:27  Drone x3  
  50  4:31  Spore Crawler  
  53  4:40  Drone x7  
  60  4:47  Overlord  
  60  4:51  Overlord  
  60  4:55  Lair  
  60  4:58  Extractor  
  59  5:00  Extractor  
  59  5:01  Roach Warren  
  57  5:12  Zergling x8  
  62  5:14  Drone x8  
  62  5:30  Drone x3  
  57  5:53  Drone x8  
  57  5:54  Drone x6  
  68  5:57  Infestation Pit, Extractor  
  66  6:05  Drone x3  
  66  6:11  Overlord, Nydus Network  
  68  6:12  Overlord  
  68  6:15  Extractor x2  
  68  6:16  Overlord  
  66  6:20  Zergling x2  
  66  6:21  Zergling x14  
  73  6:27  Zerg Ground Armor Level 1  
  73  6:29  Overlord x2  
  73  6:42  Drone x4  
  73  6:43  Glial Reconstitution, Drone  
  73  6:45  Overlord  
  78  6:52  Nydus Canal  
  78  7:00  Swarm Host x5  
  93  7:12  Drone x3  
  96  7:21  Nydus Canal  
  94  7:23  Swarm Host x4  
  94  7:26  Zergling x2  
  94  7:27  Zergling x6  
  109  7:30  Overlord  
  109  7:31  Overlord  
  104  7:43  Swarm Host  
  104  7:44  Swarm Host x3  
  106  7:46  Zergling x2  
  106  7:47  Zergling x12  
  121  7:52  Nydus Canal  
  121  7:56  Swarm Host x2  
  127  7:59  Drone x2  
  127  8:00  Overlord  
  127  8:03  Drone x3  
  127  8:04  Drone  
  133  8:08  Roach x2  
  136  8:25  Nydus Canal  
  136  8:26  Roach x2  
  136  8:27  Roach x7  
  153  8:36  Zerg Melee Weapons Level 2  
  153  8:37  Baneling Nest  
  151  8:44  Zergling x18  
  151  8:46  Nydus Canal  
  159  8:58  Overlord, Roach  
  159  8:59  Overlord x4  
  159  9:01  Hatchery  
  155  9:15  Ravager x7  
  155  9:17  Zergling x18  
  171  9:28  Baneling x15  
  173  9:31  Roach x2  
  173  9:32  Zergling x6  
  178  9:40  Zergling x6  
  181  9:49  Zergling x12  
  185  9:58  Centrifical Hooks  
  174  10:04  Zergling x10  
  174  10:05  Baneling  
  174  10:06  Baneling x15  
  168  10:17  Roach x4  
  149  10:29  Drone x5  
  144  10:37  Zergling x6  
  144  10:42  Spore Crawler  
  142  10:43  Drone  
  143  10:51  Nydus Canal  
  143  10:56  Ravager x2  
  145  10:58  Zergling x12  
  149  11:06  Zergling x2  
  149  11:07  Zergling x2  
  148  11:19  Nydus Canal  
  148  11:29  Drone x3  
  148  11:30  Drone x9  
Tags
 
Add a new tag
Caveats
  • Supply blocks, unpowered buildings, or Contaminate may cause inaccurate times.
  • Supply counts are checked every 10 seconds.